 Dungeon Crawl Stone Soup version 0.21-a0-85-ga0cb861 (webtiles) character file.

251 grindst0ne the Skirmisher (level 5, 42/42 HPs)
             Began as a Demonspawn Fighter on June 25, 2017.
             Was an Initiate of Okawaru.
             Got out of the dungeon alive.
             The game lasted 00:06:37 (3439 turns).

grindst0ne the Skirmisher (Demonspawn Fighter)      Turns: 3439, Time: 00:06:38

Health: 42/42      AC: 13    Str: 16    XL:     5   Next: 88%
Magic:  5/5        EV:  4    Int:  9    God:    Okawaru [......]
Gold:   142        SH:  9    Dex: 14    Spells: 4/4 levels left

rFire    . . .     SeeInvis .   a - +0 war axe
rCold    . . .     Gourm    .   c - +0 shield
rNeg     . . .     Faith    .   o - +0 chain mail
rPois    .         Spirit   .   u - +2 helmet
rElec    .         Reflect  .   (no cloak)
rCorr    .         Harm     .   (gloves unavailable)
MR       .....                  e - +0 pair of boots
Stlth    ..........             (no amulet)
HPRegen  0.14/turn              (no ring)
MPRegen  0.09/turn              (no ring)

@: no status effects
A: claws 3, hooves 1
a: Renounce Religion


You escaped.
You worshipped Okawaru.
Okawaru was noncommittal.
You were hungry.

You visited 1 branch of the dungeon, and saw 3 of its levels.

You collected 142 gold pieces.

Inventory:

Hand Weapons
 a - a +0 war axe (weapon)
Armour
 b - a +0 scale mail
 c - a +0 shield (worn)
 e - a +0 pair of boots (worn)
 o - a +0 chain mail (worn)
 u - a +2 helmet (worn)
Jewellery
 l - a +5 ring of protection {unknown}
Wands
 y - a wand of flame (7/48)
Scrolls
 i - 2 scrolls of fog {unknown}
 k - 4 scrolls of identify {unknown}
 n - a scroll of enchant weapon {unknown}
 r - a scroll of amnesia {unknown}
 t - a scroll of remove curse {unknown}
 v - a scroll of noise {unknown}
 w - a scroll of magic mapping {unknown}
Potions
 d - 2 potions of might
 h - 2 potions of flight {unknown}
 p - a potion of invisibility {unknown}
 q - a potion of mutation {unknown}
 s - 2 potions of brilliance {unknown}
 x - a potion of lignification {unknown}
 z - a potion of heal wounds {unknown}
Comestibles
 f - 2 bread rations
 j - 4 fruits
 m - 3 meat rations


   Skills:
 + Level 4.0 Fighting
 - Level 2.9 Axes
 + Level 4.0 Armour
 + Level 3.7 Shields
 + Level 1.0 Unarmed Combat


You had 4 spell levels left.
You didn't know any spells.

Dungeon Overview and Level Annotations

Branches:
Dungeon (3/15)

Altars:
Fedhas
Kikubaaqudgha
Okawaru
Zin


Innate Abilities, Weirdness & Mutations

You have claws for hands.
You have large cloven feet.


Message History

You can't go up here!
(D) Dungeon
Where to? (Enter - D:1, ? - help)
Okay, then.
You can't go up here!
(D) Dungeon
Where to? (Enter - D:1, ? - help)
Okay, then.
You can't go up here!
There is a large open door here.
There is a large open door here.
There is a large open door here.
There is a staircase leading out of the dungeon here.
You can't go down here!
Are you sure you want to leave the Dungeon?
This will make you lose the game!
Alright, then stay!
Are you sure you want to leave the Dungeon?
This will make you lose the game! [Y]es or [N]o only, please.
Are you sure you want to leave the Dungeon?
This will make you lose the game!
You have escaped!

###
##.##.#####...........
..#
#.##.................
..#
#.########...........
..# #..# ###.##......
..# ##.#
#######.######## ..#
#.# #....##.........
..#
#.###.≈≈.###.#######
###
#.#.'.≈≈.'.'.#######
#.#@'.≈≈.'.'........
#.###.§≈.###........
##### #.#
#....##......... #...#
#.# ######..#.....##
#)..#
#)#######..##.....#
#...#
#..##.....###.....#
###...# ##.##.#####
#.....# ......# #..#.#
##.##### ......#
##.#.# #......


There were no monsters in sight!

Vanquished Creatures
  Ijyb (D:3)
  Robin (D:2)
  2 river rats (D:3)
  4 adders
  An ooze (D:1)
  4 worms
  A dart slug (D:1)
  A leopard gecko (D:2)
  9 orcs (D:3)
  3 ball pythons (D:1)
  11 giant cockroaches
  31 goblins
  15 hobgoblins
  7 jackals (D:3)
  A quokka (D:2)
  4 bats
  3 frilled lizards
  9 kobolds
  13 rats
121 creatures vanquished.

Notes
Turn   | Place    | Note
-------+----------+-------------------------------------------
     0 | D:1      | grindst0ne the Demonspawn Fighter began the quest for the Orb.
     0 | D:1      | Reached XP level 1. HP: 18/18 MP: 1/1
   120 | D:1      | Gained mutation: You have sharp fingernails. [demonic ancestry]
   120 | D:1      | Reached XP level 2. HP: 20/24 MP: 2/2
   524 | D:1      | Gained mutation: You have very sharp fingernails. [demonic ancestry]
   524 | D:1      | Reached XP level 3. HP: 28/29 MP: 3/3
   696 | D:2      | Found a blossoming altar of Fedhas.
   953 | D:2      | Found a glowing silver altar of Zin.
   996 | D:2      | Noticed Robin
  1015 | D:2      | Gained mutation: You have large cloven feet. [demonic ancestry]
  1015 | D:2      | Reached XP level 4. HP: 28/35 MP: 4/4
  1024 | D:2      | Killed Robin
  1299 | D:2      | Found an iron altar of Okawaru.
  1436 | D:2      | Became a worshipper of Warmaster Okawaru
  2364 | D:3      | Gained mutation: You have claws for hands. [demonic ancestry]
  2364 | D:3      | Reached XP level 5. HP: 39/42 MP: 5/5
  2704 | D:3      | Found an ancient bone altar of Kikubaaqudgha.
  2995 | D:3      | Noticed Ijyb
  3029 | D:3      | Killed Ijyb
  3244 | D:3      | Reached skill level 1 in Unarmed Combat
  3439 | D:$      | Got out of the dungeon alive.

Vault maps used:
D:1:      lightli_arrival_lavapool
D:2:      marbit_many_paths, zin_academy, fedhas_altar_1, uniq_robin
D:3:      kennysheep_goblin_castle, old_standard_altar, portal_sewer_entry_e

Skill      XL: |  1  2  3  4  5 |
---------------+----------------+-----
Axes           | 2 |  2.9
Armour         | 3 4 |  4.0
Shields        | 3 |  3.7
Unarmed Combat | 1 |  1.0
Fighting       | 4 |  4.0

Action                   |  1- 3 |  4- 6 || total
-------------------------+-------+-------++-------
Melee: War axe           |   140 |   268 ||   408
  Eat: Chunk             |     1 |     3 ||     4
       Bread ration      |       |     1 ||     1
Armor: Scale mail        |    55 |       ||    55
       Chain mail        |    34 |   202 ||   236
Dodge: Dodged            |    20 |    52 ||    72
Block: Shield            |    78 |   150 ||   228
